 Dungeon Crawl Stone Soup version 0.26-a0-708-g17f3b190f9 (webtiles) character file.

Game seed: 1410021223946194782

66 P0NYSLAYSTATION the Slasher (level 4, -8/40 HPs)
             Began as a Hill Orc Monk on Oct 29, 2020.
             Mangled by a gnoll (9 damage)
             ... on level 3 of the Dungeon.
             The game lasted 00:01:52 (720 turns).

P0NYSLAYSTATION the Slasher (Hill Orc Monk)          Turns: 720, Time: 00:01:53

Health: -8/40      AC:  2    Str: 14    XL:     4   Next: 15%
Magic:  4/4        EV: 13    Int: 10    God:
Gold:   20         SH:  0    Dex: 13    Spells: 3/3 levels left

rFire    . . .     SeeInvis .   a - +0 falchion
rCold    . . .     Faith    .   (no shield)
rNeg     . . .     Spirit   .   b - +0 robe
rPois    .         Reflect  .   (no helmet)
rElec    .         Harm     .   (no cloak)
rCorr    .         Rampage  .   (no gloves)
MR       .....                  (no boots)
Stlth    ++........             (no amulet)
HPRegen  0.13/turn              (no ring)
MPRegen  0.09/turn              (no ring)

@: no status effects
A: no striking features
a: no special abilities


You were on level 3 of the Dungeon.
You visited 1 branch of the dungeon, and saw 3 of its levels.

You collected 20 gold pieces.

Inventory:

Hand Weapons
 a - a +0 falchion (weapon)
Missiles
 d - 2 javelins (quivered)
Armour
 b - a +0 robe (worn)
Scrolls
 c - a scroll of identify {unknown}
 e - a scroll of enchant weapon {unknown}
 f - a scroll of immolation {unknown}


   Skills:
 + Level 4.2 Fighting
 + Level 4.3 Long Blades
 + Level 3.0 Dodging
 + Level 1.6 Stealth


You had 3 spell levels left.
You didn't know any spells.
Your spell library was empty.

Dungeon Overview and Level Annotations

Branches:
Dungeon (3/15)

Altars:


Message History

You closely miss the gnoll. The gnoll misses you.
You hit the gnoll.
The gnoll is lightly wounded.
The gnoll misses you.
You riposte.
You hit the gnoll.
The gnoll is moderately wounded.
You hit the gnoll.
The gnoll is moderately wounded.
The gnoll hits you with a +0 whip!
* * * LOW HITPOINT WARNING * * *
You hit the gnoll.
The gnoll is severely wounded.
The gnoll closely misses you.
You hit the gnoll.
You kill the gnoll!
You have reached level 4!
You hit the gnoll but do no damage. The gnoll hits you!
* * * LOW HITPOINT WARNING * * *
You hit the gnoll but do no damage. The gnoll closely misses you.
You hit the gnoll but do no damage. The gnoll hits you!
You die...

#.... #.#.# ####....
######### #...!..#
#.......#
#....#.#####.#####.#
#...............##.#
...###g###.......#.# #g#
#.#.......# .# #@#
#.##....### #.# #.#
#.##.##.# ..# #.#
#.##.##.# #.# ...
#.......# ..#
.....####.##### #.#
#.....##.......#
####.####...[.##.#.###.#
#<......#.....##.รท#.##
#<##.##.########.###.#


You could see 2 gnolls.

Vanquished Creatures
  Jessica (D:3)
  2 gnolls (D:3)
  An adder (D:3)
  A bat (D:3)
  3 goblins
  A hobgoblin (D:1)
  A frilled lizard (D:1)
  2 kobolds
  3 rats
15 creatures vanquished.

Notes
Turn   | Place    | Note
-------+----------+-------------------------------------------
     0 | D:1      | P0NYSLAYSTATION the Hill Orc Monk began the quest for the
                  | Orb.
     0 | D:1      | Reached XP level 1. HP: 19/19 MP: 1/1
   148 | D:2      | Reached XP level 2. HP: 25/27 MP: 2/2
   274 | D:3      | Noticed Jessica
   289 | D:3      | Killed Jessica
   289 | D:3      | Reached XP level 3. HP: 15/33 MP: 3/3
   717 | D:3      | Reached XP level 4. HP: 9/40 MP: 4/4
   718 | D:3      | HP: 1/40 [gnoll (8)]
   720 | D:3      | Mangled by a gnoll

Illustrated notes

Levels and vault maps discovered:
D:1:      saegor_arrival_miasma, layout_loops_ring, serial_glass,
          glass_columns_b, glass_columns_a
D:2:      layout_loops_corners, lemuel_zombie_altar_yredelemnul, uniq_robin
D:3:      lemuel_upstairs_altar, layout_loops_cross, uniq_jessica

Skill      XL: |  1  2  3 |
---------------+----------+-----
Fighting       | 4 |  4.2
Long Blades    | 4 |  4.3
Dodging        | 3 |  3.0
Stealth        | |  1.6

Action                   |  1- 3 |  4- 6 || total
-------------------------+-------+-------++-------
Melee: Falchion          |    57 |     3 ||    60
Armor: Robe              |    12 |       ||    12
Dodge: Dodged            |    35 |     1 ||    36
       Rpst.: Falchion   |    13 |       ||    13

Table legend: (Time is in decaauts)
 A = Elapsed time spent in this place.
 B = Non-inter-level travel time spent in this place.
 C = Inter-level travel time spent in this place.
 D = Time resting spent in this place.
 E = Time spent auto-exploring this place.
 F = Levels seen in this place.
 G = Mean time per level.
                   A        B        C        D        E       F      G
               +--------+--------+--------+--------+--------+-----+--------+
         Total |    727 |    727 |      0 |      0 |    569 |   3 |  242.3 |
       Dungeon |    727 |    727 |      0 |      0 |    569 |   3 |  242.3 |
               +--------+--------+--------+--------+--------+-----+--------+

Top non-repeatable levels by time:
     D:3: 513 daAuts
     D:2: 113 daAuts
     D:1: 100 daAuts
